 Dungeon Crawl Stone Soup version 0.29-a0-664-gff9cad4a3d (webtiles) character file.

Game seed: 4591225626657799834

4277 DocClef the Blocker (level 10, -16/82 HPs)
             Began as a Gnoll Fighter on June 22, 2022.
             Was a Believer of Okawaru.
             Demolished by Erolcha
             ... wielding a +0 giant club
              (27 damage)
             ... on level 9 of the Dungeon.
             The game lasted 00:09:46 (10004 turns).

DocClef the Blocker (Gnoll Fighter)                Turns: 10004, Time: 00:09:47

Health: -16/82     AC: 16    Str: 17    XL:     10   Next: 31%
Magic:  17/17      EV:  8    Int:  6    God:    Okawaru [**....]
Gold:   415        SH:  6    Dex: 13    Spells: 19/19 levels left

rFire   . . .      SeeInvis .   l - +12 dagger of Gozag, Holding {venom, rC+ Will++ Int-3}
rCold   + . .      Faith    .   c - +0 buckler
rNeg    . . .      Spirit   .   x - +3 chain mail {rPois}
rPois   +          Reflect  .   k - +0 helmet
rElec   .          Harm     .   (no cloak)
rCorr   .          Rampage  .   (no gloves)
Will    ++...                   m - +0 pair of boots
Stlth   ..........              (no amulet)
HPRegen 0.23/turn               (no ring)
MPRegen 0.15/turn               (no ring)

@: no status effects
A: fangs 1, strong nose, distributed training
a: Renounce Religion, Heroism


You were on level 9 of the Dungeon.
You worshipped Okawaru.
Okawaru was pleased with you.
You visited 2 branches of the dungeon, and saw 10 of its levels.

You collected 527 gold pieces.
You spent 112 gold pieces at shops.

Inventory:

Hand Weapons
 a - a +1 flail
 l - the +12 dagger of Gozag, Holding (weapon) {venom, rC+ Will++ Int-3}
   (You found it on level 2 of the Dungeon)

   It poisons the flesh of those it strikes.
   Int:       It affects your intelligence (-3).
   rC:        It protects you from cold.
   Will:      It greatly increases your willpower.
Missiles
 h - 7 javelins (quivered)
Armour
 b - a +0 scale mail
 c - a +0 buckler (worn)
 k - a +0 helmet (worn)
 m - a +0 pair of boots (worn)
 x - a +3 chain mail of poison resistance (worn)
Jewellery
 j - an amulet of magic regeneration
 s - a ring of wizardry
 u - an amulet of faith
Wands
 n - a wand of flame (29)
 q - a wand of quicksilver (10)
 r - a wand of iceblast (9)
 C - a wand of paralysis (9)
Scrolls
 e - 12 scrolls of identify
 g - 2 scrolls of enchant weapon
 p - 2 scrolls of teleportation
 B - a scroll of poison
 E - 2 scrolls of blinking
Potions
 d - 3 potions of might
 i - 3 potions of brilliance
 o - a potion of attraction
 t - 3 potions of heal wounds
 v - 3 potions of lignification
 z - a potion of magic
 A - a potion of ambrosia
 D - a potion of mutation
 F - a potion of curing


   Skills:
 + Level 8.4 Fighting
 + Level 5.1 Short Blades
 + Level 5.1 Long Blades
 + Level 5.1 Axes
 + Level 7.0 Maces & Flails
 + Level 5.1 Polearms
 + Level 5.1 Staves
 + Level 5.1 Slings
 + Level 5.1 Bows
 + Level 5.1 Crossbows
 + Level 5.1 Throwing
 + Level 8.4 Armour
 + Level 5.1 Dodging
 + Level 5.1 Stealth
 + Level 8.4 Shields
 + Level 5.1 Unarmed Combat
 + Level 5.1 Spellcasting
 + Level 4.2 Conjurations
 + Level 4.2 Hexes
 + Level 4.2 Summonings
 + Level 4.2 Necromancy
 + Level 4.2 Translocations
 + Level 4.2 Transmutations
 + Level 4.2 Fire Magic
 + Level 4.2 Ice Magic
 + Level 4.2 Air Magic
 + Level 4.2 Earth Magic
 + Level 4.2 Poison Magic
 + Level 5.6 Invocations
 + Level 5.1 Evocations


You had 19 spell levels left.
You didn't know any spells.
Your spell library contained the following spells:

 Spells                   Type           Power      Damage    Failure   Level
 Magic Dart               Conj           24%        1d4       56%         1
 Ensorcelled Hibernation  Hex/Ice        12%        N/A       71%         2
 Passwall                 Tmut/Erth      5%         N/A       71%         2
 Searing Ray              Conj           12%        2d4       71%         2
 Swiftness                Air            6%         N/A       91%         3
 Fulminant Prism          Conj/Hex       3%         3d6       100%        4
 Passage of Golubria      Tloc           6%         N/A       100%        4
 Yara's Violent Unravell  Hex/Tmut       3%         3d4       100%        5
 Orb of Destruction       Conj           3%         9d5       100%        7
 Summon Guardian Golem    Hex/Summ       Unusable   N/A       N/A         3
 Tukima's Dance           Hex            Unusable   N/A       N/A         3
 Spellforged Servitor     Conj/Summ      Unusable   N/A       N/A         7

Dungeon Overview and Level Annotations

Branches:
Dungeon (9/15)             Temple (1/1) D:7
   Lair: D:8-11         Orc: D:9-12

Altars:
Ashenzari
Cheibriados
Dithmenos
Elyvilon
Fedhas
Gozag
Hepliaklqana
Kikubaaqudgha
Makhleb
Nemelex Xobeh
Okawaru
Qazlal
Ru
Sif Muna
Trog
Uskayaw
Vehumet
Wu Jian
Xom
Yredelemnul
Zin

Shops:
D:2 !   D:5 **   D:6 *   D:9 :

Annotations:
D:3 2 transporters
D:9 Erolcha


Innate Abilities, Weirdness & Mutations

You have very sharp teeth.
Your uncanny sense of smell can sniff out nearby items.
Your experience applies equally to all skills.


Message History

Erolcha is nearby!
Erolcha is nearby!
Erolcha is nearby!
Erolcha is nearby!
Erolcha is nearby!
Erolcha casts a spell.
Erolcha flickers and vanishes!
Deactivating autopickup; reactivate with Ctrl-A.
No target in view!
You hear some strange, mumbled words.
You hear some strange, mumbled words.
Something tries to affect you, but you resist.
A shadow comes into view.
You hear some strange, mumbled words.
Something hits you!
An orc comes into view. It is wielding a +0 falchion.
The orc shouts!
You hear a shout!
The shadow slips into darkness.
The shadow flickers and vanishes!
You hear a shout!
You hear a shout!
Something hits you!!
The shadow strikes at you from the darkness!
Reactivating autopickup.
You puncture the shadow!
The shadow is moderately damaged.
You puncture the shadow!
The shadow is heavily damaged.
The shadow hits you! Something hits you!
* * * LOW HITPOINT WARNING * * *
Deactivating autopickup; reactivate with Ctrl-A.
You hit the shadow. Your bite misses the shadow.
The shadow is severely damaged.
The shadow hits you.
* * * LOW HITPOINT WARNING * * *
You puncture the shadow!
You destroy the shadow!
Okawaru accepts your kill. Something hits you!!
You die...

#..# #..#
#..###############..##########
#.............................
#.............................
#.............................
#....................#########
#....................#
#.............########
#............@#
#.............# ∆ ∆
#.............# ∆
#.###########.. ∆∆ ∆ #.# ###
#.######### ∆ #..........
#.......... #### #..########
#..#


There were no monsters in sight!

Vanquished Creatures
  Prince Ribbit (D:5)
  2 shadows (D:9)
  A wyvern (D:9)
  2 steam dragons (D:8)
  A water moccasin (D:7)
  2 ice beasts
  3 orc warriors
  3 sky beasts (D:7)
  2 black bears
  4 ogres
  4 centaurs
  3 kobold brigands
  A phantom (D:4)
  A bullfrog (D:9)
  A gnoll sergeant (D:9)
  2 necrophages
  3 scorpions
  4 wights
  2 jellies
  5 hounds
  5 orc priests
  5 iguanas
  Terence (D:2)
  5 orc wizards
  A mummy (D:5)
  8 gnolls
  9 adders
  2 white imps (D:7)
  2 worms
  2 dart slugs
  27 orcs
  7 ball pythons
  8 bats
  4 endoplasms
  2 giant cockroaches
  7 goblins
  6 hobgoblins
  8 jackals
  22 kobolds
  A quokka (D:2)
  5 frilled lizards
  2 kobold zombies (D:5)
  2 orc zombies (D:5)
  4 rats
192 creatures vanquished.

Vanquished Creatures (others)
  3 orcs (D:8)
3 creatures vanquished.

Grand Total: 195 creatures vanquished

Notes
Turn   | Place    | Note
-------+----------+-------------------------------------------
     0 | D:1      | DocClef the Gnoll Fighter began the quest for the Orb.
     0 | D:1      | Reached XP level 1. HP: 23/23 MP: 1/1
   218 | D:1      | Reached XP level 2. HP: 29/29 MP: 2/2
   380 | D:1      | Reached XP level 3. HP: 35/35 MP: 3/3
   772 | D:2      | Reached skill level 1 in Invocations
   897 | D:2      | Reached skill level 1 in Short Blades
   897 | D:2      | Reached skill level 1 in Long Blades
   897 | D:2      | Reached skill level 1 in Axes
   897 | D:2      | Reached skill level 1 in Polearms
   897 | D:2      | Reached skill level 1 in Staves
   897 | D:2      | Reached skill level 1 in Slings
   897 | D:2      | Reached skill level 1 in Bows
   897 | D:2      | Reached skill level 1 in Crossbows
   897 | D:2      | Reached skill level 1 in Throwing
   897 | D:2      | Reached skill level 1 in Dodging
   897 | D:2      | Reached skill level 1 in Stealth
   897 | D:2      | Reached skill level 1 in Unarmed Combat
   897 | D:2      | Reached skill level 1 in Spellcasting
   897 | D:2      | Reached skill level 1 in Evocations
   905 | D:2      | Found a shadowy altar of Dithmenos.
   937 | D:2      | Reached XP level 4. HP: 41/41 MP: 5/5
   981 | D:2      | Identified the +12 dagger of Gozag, Holding {venom, rC+
                  | Will++ Int-3}
  1206 | D:2      | Noticed Terence
  1216 | D:2      | Killed Terence
  1217 | D:2      | Reached skill level 1 in Conjurations
  1217 | D:2      | Reached skill level 1 in Hexes
  1217 | D:2      | Reached skill level 1 in Summonings
  1217 | D:2      | Reached skill level 1 in Necromancy
  1217 | D:2      | Reached skill level 1 in Translocations
  1217 | D:2      | Reached skill level 1 in Transmutations
  1217 | D:2      | Reached skill level 1 in Fire Magic
  1217 | D:2      | Reached skill level 1 in Ice Magic
  1217 | D:2      | Reached skill level 1 in Air Magic
  1217 | D:2      | Reached skill level 1 in Earth Magic
  1217 | D:2      | Reached skill level 1 in Poison Magic
  1417 | D:2      | Found Qonat's Distillery.
  1639 | D:3      | Found a transporter.
  1649 | D:3      | Found a transporter.
  1783 | D:3      | Reached XP level 5. HP: 47/47 MP: 6/6
  1853 | D:3      | Found a faded altar of an unknown god.
  2385 | D:4      | Reached XP level 6. HP: 47/53 MP: 8/8
  2560 | D:4      | Reached skill level 5 in Maces & Flails
  2839 | D:4      | Reached XP level 7. HP: 28/60 MP: 10/10
  3053 | D:4      | Found an opulent altar of Gozag.
  3489 | D:5      | Entered Level 5 of the Dungeon
  3791 | D:5      | Reached XP level 8. HP: 55/67 MP: 12/12
  4015 | D:5      | Found Zitauw's General Store.
  4200 | D:5      | Noticed Prince Ribbit
  4268 | D:5      | Killed Prince Ribbit
  4460 | D:5      | Found a basalt altar of Yredelemnul.
  4555 | D:5      | Found Zeyczoz's General Store.
  5250 | D:6      | Found Zamoudeu's Hallowed Reliquary.
  5250 | D:6      | Noticed an angel
  5309 | D:6      | Reached XP level 9. HP: 73/73 MP: 14/14
  5327 | D:6      | Found a stormy altar of Qazlal.
  5327 | D:6      | Found a shadowy altar of Dithmenos.
  5327 | D:6      | Found a snail-covered altar of Cheibriados.
  5925 | D:7      | Found a staircase to the Ecumenical Temple.
  5944 | Temple   | Entered the Ecumenical Temple
  6133 | Temple   | Became a worshipper of Warmaster Okawaru
  6640 | D:7      | Reached * piety under Okawaru
  7060 | D:7      | Reached skill level 5 in Invocations
  7695 | D:8      | Reached XP level 10. HP: 77/80 MP: 17/17
  7706 | D:8      | Reached ** piety under Okawaru
  8091 | D:8      | Reached skill level 5 in Short Blades
  8091 | D:8      | Reached skill level 5 in Long Blades
  8091 | D:8      | Reached skill level 5 in Axes
  8091 | D:8      | Reached skill level 5 in Polearms
  8091 | D:8      | Reached skill level 5 in Staves
  8091 | D:8      | Reached skill level 5 in Slings
  8091 | D:8      | Reached skill level 5 in Bows
  8091 | D:8      | Reached skill level 5 in Crossbows
  8091 | D:8      | Reached skill level 5 in Throwing
  8091 | D:8      | Reached skill level 5 in Dodging
  8091 | D:8      | Reached skill level 5 in Stealth
  8091 | D:8      | Reached skill level 5 in Unarmed Combat
  8091 | D:8      | Reached skill level 5 in Spellcasting
  8091 | D:8      | Reached skill level 5 in Evocations
  8265 | D:2      | Bought a potion of mutation for 112 gold pieces
  9538 | D:9      | Found a broken altar of Ashenzari.
  9562 | D:9      | Found Yblujely's Book Shop.
  9991 | D:9      | Noticed Erolcha
 10004 | D:9      | Demolished by Erolcha

Illustrated notes

Levels and vault maps discovered:
D:1:      psy_arrival_whirlpool, layout_basic
D:2:      layout_basic, basic_altar, serial_shops, nicolae_shop_window_shopping,
          uniq_terence
D:3:      gammafunk_steamed_eel, layout_basic, nicolae_ecumenical_oubliette,
          chequers_serial_rivers_large_a
D:4:      layout_basic, nicolae_gozag_cash_rules_everything_around_me,
          kennysheep_generic_room_8
D:5:      layout_basic, lemuel_coloured_pillars_altar, serial_shops,
          kennysheep_little_box, shop, roderic_three_in_a_row,
          minmay_mini_ossuary, uniq_prince_ribbit1
D:6:      layout_basic, minitemple, nicolae_good_shop
D:7:      layout_basic, minmay_temple_entry_trees, minmay_misc_feat_iff
D:8:      layout_basic
D:9:      layout_long_grid, evilmike_ruin_ashenzari, erik_orc_1, serial_shops,
          shop, uniq_erolcha
Temple:   eino_wide_crystal_templ

Skill      XL: |  1  2  3  4  5  6  7  8  9 10 |
---------------+-------------------------------+-----
Invocations    | 1 2 3 4 5 |  5.6
Short Blades   | 1 2 3 4 5 |  5.1
Long Blades    | 1 2 3 4 5 |  5.1
Axes           | 1 2 3 4 5 |  5.1
Polearms       | 1 2 3 4 5 |  5.1
Staves         | 1 2 3 4 5 |  5.1
Slings         | 1 2 3 4 5 |  5.1
Bows           | 1 2 3 4 5 |  5.1
Crossbows      | 1 2 3 4 5 |  5.1
Throwing       | 1 2 3 4 5 |  5.1
Dodging        | 1 2 3 4 5 |  5.1
Stealth        | 1 2 3 4 5 |  5.1
Unarmed Combat | 1 2 3 4 5 |  5.1
Spellcasting   | 1 2 3 4 5 |  5.1
Evocations     | 1 2 3 4 5 |  5.1
Conjurations   | 1 2 3 4 |  4.2
Hexes          | 1 2 3 4 |  4.2
Summonings     | 1 2 3 4 |  4.2
Necromancy     | 1 2 3 4 |  4.2
Translocations | 1 2 3 4 |  4.2
Transmutations | 1 2 3 4 |  4.2
Fire Magic     | 1 2 3 4 |  4.2
Ice Magic      | 1 2 3 4 |  4.2
Air Magic      | 1 2 3 4 |  4.2
Earth Magic    | 1 2 3 4 |  4.2
Poison Magic   | 1 2 3 4 |  4.2
Maces & Flails | 5 6 7 |  7.0
Fighting       | 7 8 |  8.4
Armour         | 7 8 |  8.4
Shields        | 7 8 |  8.4

Action                   |  1- 3 |  4- 6 |  7- 9 | 10-12 || total
-------------------------+-------+-------+-------+-------++-------
Melee: Flail             |   124 |     1 |       |       ||   125
       Bite              |    13 |    11 |    37 |     9 ||    70
       Dagger            |       |   100 |   305 |    87 ||   492
Throw: Javelin           |       |     1 |       |       ||     1
  Use: Scroll            |     3 |     2 |       |     7 ||    12
       Potion            |     2 |     5 |     2 |     1 ||    10
Armor: Scale mail        |    62 |    38 |    72 |       ||   172
       Skin              |       |       |     2 |       ||     2
       Chain mail        |       |       |    80 |    55 ||   135
Dodge: Dodged            |    59 |    34 |   108 |    29 ||   230
Block: Buckler           |    35 |    24 |    69 |    31 ||   159

Table legend: (Time is in decaauts)
 A = Elapsed time spent in this place.
 B = Non-inter-level travel time spent in this place.
 C = Inter-level travel time spent in this place.
 D = Time resting spent in this place.
 E = Time spent auto-exploring this place.
 F = Levels seen in this place.
 G = Mean time per level.
                   A        B        C        D        E       F      G
               +--------+--------+--------+--------+--------+-----+--------+
         Total |   9971 |   9362 |    609 |   1301 |   6687 |  10 |  997.1 |
       Dungeon |   9762 |   9174 |    588 |   1198 |   6647 |   9 | 1084.7 |
        Temple |    208 |    187 |     21 |    103 |     40 |   1 |  208.0 |
               +--------+--------+--------+--------+--------+-----+--------+

Top non-repeatable levels by time:
     D:7: 1750 daAuts
     D:4: 1387 daAuts
     D:5: 1381 daAuts
     D:6: 1188 daAuts
     D:9: 1047 daAuts
     D:2: 962 daAuts
     D:1: 779 daAuts
     D:3: 659 daAuts
     D:8: 606 daAuts
  Temple: 208 daAuts
